 Dungeon Crawl Stone Soup version 0.31-a0-818-ge7c7cf74f0 (webtiles) character file.

Game seed: 11736490602019837497

169 LeprechaunX the Changeling (level 5, 0/34 HPs)
             Began as an Octopode Shapeshifter on Sept 22, 2023.
             Killed by nerve-wracking pain
             ... invoked by an orc priest
              (5 damage)
             ... on level 4 of the Dungeon.
             The game lasted 00:02:46 (2469 turns).

LeprechaunX the Changeling (Octopode Shapeshifter)  Turns: 2469, Time: 00:02:46

Health: 0/34       AC:  1    Str: 15    XL:     5   Next: 50%
Magic:  5/5        EV: 13    Int: 13    God:
Gold:   253        SH:  5    Dex: 11    Spells: 4/4 levels left

rFire   . .          .
                       - Unarmed
rCold   . . .        (no shield)
rNeg    . . .        (helmet currently unavailable)
rPois   .            g - amulet of reflection
rElec   .            n - ring of resist corrosion
rCorr   +            (no ring)
SInv    .            (no ring)
Will    .....        (no ring)
Stlth   ++           (no ring)
HPRegen 0.25/turn    (no ring)
MPRegen 0.09/turn    (no ring)
                     (no ring)

%: reflection
@: beast-form, studying Ranged Weapons
A: beast (slay +2), almost no armour, amphibious, 8 rings, camouflage 1,
gelatinous body 1, (nimble swimmer 1), tentacles
a: Begin Untransformation


You were on level 4 of the Dungeon.
You were a hulking beast.
You visited 1 branch of the dungeon, and saw 4 of its levels.

You collected 253 gold pieces.

Inventory:

Hand Weapons
 a - a +0 sling
Jewellery
 g - an amulet of reflection (around mantle)
 n - a ring of resist corrosion (left tentacle)
Talismans
 b - a beast talisman (active)
 c - a flux talisman
Scrolls
 d - 2 scrolls of identify {unknown}
 f - a scroll of revelation {unknown}
 i - 4 scrolls of enchant armour {unknown}
 j - a scroll of blinking {unknown}
 q - 2 scrolls of teleportation {unknown}
Potions
 e - a potion of berserk rage {unknown}
 h - a potion of ambrosia {unknown}
 k - a potion of lignification
 l - a potion of haste {unknown}
 m - a potion of degeneration {unknown}
 o - 2 potions of enlightenment {unknown}
 p - a potion of mutation {unknown}


   Skills:
 + Level 2.2 Fighting
 + Level 0.9 Ranged Weapons
 + Level 3.0 Dodging
 + Level 3.7 Unarmed Combat
 * Level 4.2 Shapeshifting


You had 4 spell levels left.
You didn't know any spells.
Your spell library contained the following spells:

 Spells                   Type           Power      Damage    Failure   Level
 Ensorcelled Hibernation  Hex/Ice        0%         N/A       43%         2
 Passwall                 Tmut/Erth      0%         N/A       43%         2
 Swiftness                Air            0%         N/A       67%         3


Dungeon Overview and Level Annotations

Branches:
Dungeon (4/15)
 Temple: D:4-7

Altars:
Xom

Shops:
D:2 *


Innate Abilities, Weirdness & Mutations

You are a hulking beast.
Your limbs bulge with bestial killing power. (Slay +2)
You cannot wear most types of armour.
You are amphibious.
You can wear up to eight rings at the same time.
Your skin changes colour to match your surroundings (Stealth+).
Your rubbery body absorbs attacks. (AC +1, EV +1)
((You are camouflaged when in or above water. (Stealth+)))
You have tentacles for arms and can constrict up to eight enemies at once.


Message History

You kill the orc!
You shoot a sling bullet. The sling bullet hits the orc.
The orc is lightly wounded.
The orc priest looks encouraged for a moment.
You shoot a sling bullet. The sling bullet barely misses the orc.
The orc hits you but does no damage. The orc hits you with a +0 club.
You shoot a sling bullet.
The sling bullet hits the orc but does no damage.
The orc is lightly wounded.
The orc hits you with a +0 club.
You shoot a sling bullet. The sling bullet hits the orc.
The orc is moderately wounded.
The orc misses you.
You are now empty-tentacled.
The orc hits you with a +0 club. The orc priest misses you.
You tentacle-slap the orc but do no damage.
Your grab misses the orc. You squeeze the orc, but do no damage.
The orc is moderately wounded.
The orc completely misses you.
The orc priest hits you with a +0 falchion.
You tentacle-slap the orc. Your grab misses the orc. You squeeze the orc.
You kill the orc!
The orc priest calls down the wrath of Beogh upon you.
Beogh smites you!
* * * LOW HITPOINT WARNING * * *
You are too injured to fight recklessly!
You tentacle-slap the orc priest but do no damage.
You grab the orc priest.
You constrict the orc priest, but do no damage.
The orc priest hits you with a +0 falchion.
* * * LOW HITPOINT WARNING * * *
You tentacle-slap the orc priest but do no damage.
You constrict the orc priest, but do no damage.
The orc priest misses you.
Unknown command.
You tentacle-slap the orc priest but do no damage.
You constrict the orc priest.
The orc priest calls down the wrath of Beogh upon you.
Pain shoots through your body!
You die...

. .....#
.<.#### .....#
....).o##.....#
####)h#.....#
#.###.#.....#
#.# #.#....(#
#.# #..#.## #.#
##....#
#.###.....#
#..##.###.#
##..#..# .#
#...#)## #


You could see an orc priest.

Vanquished Creatures
  An orc wizard (D:4)
  7 adders
  3 worms
  A dart slug (D:1)
  12 orcs
  3 endoplasms
  2 giant cockroaches
  A goblin (D:1)
  2 hobgoblins
  4 jackals (D:1)
  4 kobolds
  6 quokkas
  6 ball pythons
  4 bats
  3 frilled lizards
  2 rats (D:3)
61 creatures vanquished.

Notes
Turn   | Place    | Note
-------+----------+-------------------------------------------
     0 | D:1      | LeprechaunX the Octopode Shapeshifter began the quest for
                  | the Orb.
     0 | D:1      | Reached XP level 1. HP: 13/13 MP: 1/1
    91 | D:1      | Reached XP level 2. HP: 9/18 MP: 2/2
   215 | D:1      | Found a faded altar of an unknown god.
   579 | D:2      | Reached XP level 3. HP: 21/23 MP: 3/3
   996 | D:2      | Found Ritzooz's Assorted Antiques.
  1129 | D:2      | Found a shimmering altar of Xom.
  1302 | D:2      | Reached XP level 4. HP: 29/29 MP: 4/4
  1754 | D:3      | Identified the +3 mace "Bebuxzovax" {venom, Will+}
  1903 | D:3      | Reached skill level 4 in Shapeshifting
  1903 | D:3      | Reached XP level 5. HP: 34/34 MP: 5/5
  2272 | D:4      | Noticed a phantom
  2469 | D:4      | Killed from afar by an orc priest

Illustrated notes

Levels and vault maps discovered:
D:1:      scummos_arrival_gate, layout_rooms,
          shapermc_ecumenical_altar_acropolis
D:2:      layout_loops_corners, basic_altar, serial_shops, shop
D:3:      layout_loops_ring, serial_glass, glass_columns_b, glass_columns_c,
          nrook_mini_vaults, minmay_gold_behind_fungi
D:4:      layout_rooms, minmay_snake_closets

Skill      XL: |  1  2  3  4  5 |
---------------+----------------+-----
Fighting       | 2 |  2.2
Shapeshifting  | 4 |  4.2
Dodging        | 3 |  3.0
Ranged Weapons | |  0.9
Unarmed Combat | |  3.7

Action                     |  1- 3 |  4- 6 || total
---------------------------+-------+-------++-------
  Melee: Unarmed           |    67 |    47 ||   114
         Tentacles         |    13 |     7 ||    20
         Constrict         |    18 |    11 ||    29
         Punch             |     1 |     2 ||     3
   Fire: Sling             |       |    47 ||    47
   Stab: Sleeping          |     4 |     3 ||     7
 Armour: Skin              |    26 |    22 ||    48
  Dodge: Dodged            |    49 |    30 ||    79
  Block: Other             |       |    12 ||    12

Table legend: (Time is in decaauts)
 A = Elapsed time spent in this place.
 B = Non-inter-level travel time spent in this place.
 C = Inter-level travel time spent in this place.
 D = Time resting spent in this place.
 E = Time spent auto-exploring this place.
 F = Levels seen in this place.
 G = Mean time per level.
                   A        B        C        D        E       F      G
               +--------+--------+--------+--------+--------+-----+--------+
         Total |   2473 |   2319 |    154 |     61 |   1845 |   4 |  618.2 |
       Dungeon |   2473 |   2319 |    154 |     61 |   1845 |   4 |  618.2 |
               +--------+--------+--------+--------+--------+-----+--------+

Top non-repeatable levels by time:
     D:3: 950 daAuts
     D:2: 857 daAuts
     D:1: 523 daAuts
     D:4: 142 daAuts
